 Dungeon Crawl Stone Soup version 0.23-a0-46-g8441a8a (webtiles) character file.

245 BigChef the Chiller (level 6, -2/36 HPs)
             Began as an Octopode Ice Elementalist on Aug 5, 2018.
             Was an Initiate of Trog (penitent).
             Slain by an adder (4 damage)
             ... on level 2 of the Dungeon.
             The game lasted 00:13:35 (2041 turns).

BigChef the Chiller (Octopode Ice Elementalist)     Turns: 2041, Time: 00:13:36

Health: -2/36      AC:  1    Str:  7    XL:     6   Next: 10%
Magic:  8/11       EV: 14    Int: 19    God:    Trog [*]
Gold:   106        SH:  0    Dex: 13    Spells: 7/12 levels left

rFire    . . .     SeeInvis .   i - +0 scythe
rCold    . . .     Gourm    .   (shield currently unavailable)
rNeg     . . .     Faith    .   (helmet restricted)
rPois    .         Spirit   .   (no amulet)
rElec    .         Reflect  .   c - ring of flight
rCorr    .         Harm     .   (no ring)
MR       .....                  (no ring)
Stlth    +++.......             (no ring)
HPRegen  0.12/turn              (no ring)
MPRegen  0.12/turn              (no ring)
                                (no ring)
                                (no ring)

@: lethally poisoned (-2 -> -6), very slightly contaminated
A: almost no armour, stealthy swim, amphibious, 8 rings, constrict 8, camouflage
1, gelatinous body 1
a: Renounce Religion, Evoke Flight


You were on level 2 of the Dungeon.
You worshipped Trog.
Trog was demanding penance.
You were hungry.

You visited 1 branch of the dungeon, and saw 3 of its levels.

You collected 106 gold pieces.

Inventory:

Hand Weapons
 a - a +0 club
 f - a +0 mace
 i - a +0 scythe (weapon)
 l - a +0 club
Jewellery
 c - a ring of flight (left tentacle)
Scrolls
 d - 2 scrolls of immolation {unknown}
 e - a scroll of teleportation {unknown}
 h - a scroll of amnesia {unknown}
 j - 4 scrolls of identify {unknown}
Potions
 g - 2 potions of heal wounds {unknown}
 k - a potion of agility {unknown}
 m - a potion of curing
 n - a potion of flight {unknown}
Comestibles
 b - 4 rations


   Skills:
 + Level 0.4 Polearms
 + Level 2.4 Dodging
 + Level 3.3 Stealth
 - Level 3.7 Spellcasting
   Level 1.0 Conjurations
 - Level 5.1 Ice Magic


You had 7 spell levels left.
You knew the following spells:

 Your Spells              Type           Power        Failure   Level  Hunger
a - Freeze                Ice            ###.         1%          1    None
b - Summon Ice Beast      Ice/Summ       ##......     45%         4    ####...

Your spell library contained the following spells:

 Spells                   Type           Power        Failure   Level  Hunger
 Throw Frost              Conj/Ice       ###...       6%          2    ##.....
 Ozocubu's Armour         Chrm/Ice       ##......     16%         3    ###....
 Throw Icicle             Conj/Ice       ###.....     38%         4    ####...


Dungeon Overview and Level Annotations

Branches:
Dungeon (3/15)

Altars:
Trog


Innate Abilities, Weirdness & Mutations

You cannot wear most types of armour.
You are very stealthy in the water. (Stealth+)
You are amphibious.
You can wear up to eight rings at the same time.
You can use your tentacles to constrict eight enemies at once.
Your skin changes colour to match your surroundings (Stealth+).
Your rubbery body absorbs attacks. (AC +1, EV +1)


Message History

* * * LOW HITPOINT WARNING * * *
The adder hisses angrily. x2; You hear a shout!
The adder bites you.
* * * LOW HITPOINT WARNING * * *
You are poisoned.
The adder poisons you!
You climb upwards.
You feel sick.
There is a stone staircase leading down here.
You miss the adder. Your grab misses the adder.
The adder closely misses you. x2
The adder barely misses you.
You miss the adder. Your grab misses the adder.
You feel sick. The adder bites you.
* * * LOW HITPOINT WARNING * * *
The adder closely misses you.
You miss the adder. Your grab misses the adder. The adder barely misses you.
The adder bites you.
* * * LOW HITPOINT WARNING * * *
You are lethally poisoned!
The adder poisons you! The adder bites you.
You die...

#.......# ##'#####.#
################ #......#.#
#..............# #(.....#.#######
#..............#
#......#.......###.)............#
#......#.............#....#######
#......#........##........######
#.....##........##.............##
#.....##........@+.............'.
#....†##.......S.#.............#.
#.....##+#.......#.............#.
#.....#..........###...........#.
#.....#........................+.
##.####........................##
#.#..............#............##
#.#..............#..............
#.#..............#..............


You could see an adder.

Vanquished Creatures
  Sigmund (D:2)
  An adder (D:2)
  An ooze (D:1)
  3 worms (D:2)
  2 dart slugs
  3 leopard geckos
  5 orcs (D:2)
  2 ball pythons (D:2)
  6 bats
  A giant cockroach (D:2)
  3 goblins (D:1)
  9 hobgoblins
  A quokka (D:2)
  3 frilled lizards
  A kobold (D:2)
  9 rats
51 creatures vanquished.

Notes
Turn   | Place    | Note
-------+----------+-------------------------------------------
     0 | D:1      | BigChef the Octopode Ice Elementalist began the quest for the Orb.
     0 | D:1      | Reached XP level 1. HP: 11/11 MP: 3/3
   223 | D:1      | Reached XP level 2. HP: 2/17 MP: 0/5
   778 | D:1      | Reached XP level 3. HP: 21/21 MP: 2/6
  1199 | D:2      | Noticed Sigmund
  1225 | D:2      | Killed Sigmund
  1225 | D:2      | Reached skill level 4 in Ice Magic
  1225 | D:2      | Reached XP level 4. HP: 27/27 MP: 0/9
  1225 | D:2      | Reached XP level 5. HP: 31/31 MP: 0/10
  1537 | D:2      | Reached XP level 6. HP: 14/36 MP: 7/11
  1641 | D:2      | Reached skill level 5 in Ice Magic
  1748 | D:2      | Found a faded altar of an unknown god.
  1751 | D:2      | Became a worshipper of Trog the Wrathful
  1751 | D:2      | Reached * piety under Trog
  1752 | D:2      | Was placed under penance by Trog
  1757 | D:2      | Learned a level 4 spell: Summon Ice Beast
  2041 | D:2      | Slain by an adder

Vault maps used:
D:1:      dpeg_cavernosity
D:2:      chequers_ecumenical_altar_grove, minmay_distorted, uniq_sigmund
D:3:      nicolae_qazlal_general_emergency, overflow_temple_1_default,
          first_ration, uniq_grinder

Skill      XL: |  1  2  3  4  5  6 |
---------------+-------------------+-----
Stealth        | 3 |  3.3
Spellcasting   | 3 |  3.7
Ice Magic      | 4 5 |  5.1
Polearms       | |  0.4
Dodging        | |  2.4
Conjurations   | |  1.0

Action                   |  1- 3 |  4- 6 || total
-------------------------+-------+-------++-------
Melee: Mace              |     3 |     2 ||     5
       Constrict         |     1 |     8 ||     9
       Tentacles         |     1 |     2 ||     3
       Scythe            |       |    19 ||    19
 Cast: Freeze            |    42 |    27 ||    69
       Summon Ice Beast  |       |     1 ||     1
  Use: Potion            |     1 |       ||     1
 Stab: Sleeping          |       |     1 ||     1
  Eat: Ration            |     1 |       ||     1
Armor: Skin              |     3 |     1 ||     4
Dodge: Dodged            |    30 |    38 ||    68

Table legend:
 A = Spawn XP
 B = Non-spawn XP
 C = Spawn XP percentage of total XP
 D = Spawn monster count
 E = Non-spawn monster count
 F = Spawn count percentage of total count
 G = Total turns spent on level
                    A         B        C        D         E        F      G
               +---------+---------+-------+---------+---------+-------+---------
         Total |       0 |     351 |   0.0 |       0 |      51 |   0.0 |  2041
               +---------+---------+-------+---------+---------+-------+---------
           D:1 |       0 |      44 |   0.0 |       0 |      22 |   0.0 |  1157
           D:2 |       0 |     307 |   0.0 |       0 |      29 |   0.0 |   881
               +---------+---------+-------+---------+---------+-------+---------
